 Dungeon Crawl Stone Soup version 0.26.1-11-gd32895ea62 (webtiles) character file.

Game seed: 11317728831337435011

1607 phalm the Conjurer (level 8, 0/61 HPs)
             Began as a Demonspawn Conjurer on June 20, 2021.
             Was an Initiate of Gozag.
             Shot with a bolt by an orc warrior (11 damage)
             ... in a bailey.
             The game lasted 00:20:57 (9780 turns).

phalm the Conjurer (Demonspawn Conjurer)            Turns: 9780, Time: 00:20:57

Health: 0/61       AC:  3    Str:  8    XL:     8   Next: 63%
Magic:  12/14      EV: 12    Int: 22    God:    Gozag
Gold:   478        SH:  0    Dex: 11    Spells: 3/16 levels left

rFire    . . .     SeeInvis .   a - +0 trident
rCold    . . .     Faith    .   (no shield)
rNeg     . . .     Spirit   .   y - +0 robe {Will+}
rPois    .         Reflect  .   (no helmet)
rElec    .         Harm     .   (no cloak)
rCorr    .         Rampage  .   w - +0 pair of gloves
Will     +....                  (no boots)
Stlth    +.........             (no amulet)
HPRegen  0.20/turn              (no ring)
MPRegen  0.14/turn              (no ring)

@: very slightly contaminated
A: hooves 2, powered by death 1, powered by pain 1
a: Renounce Religion, Potion Petition, Call Merchant, Bribe Branch


You were in a bailey.
You worshipped Gozag.
Gozag was aware of your devotion.
You visited 2 branches of the dungeon, and saw 8 of its levels.
You also visited: Ossuary and Bailey.

You collected 550 gold pieces.
You paid 72 gold pieces to Gozag.


Innate Abilities, Weirdness & Mutations

You have hoof-like feet.
You regenerate a little health from kills.
You sometimes gain a little power by taking damage.


   Skills:
 + Level 4.3 Fighting
 - Level 1.7 Dodging
 - Level 1.7 Stealth
 + Level 4.6 Spellcasting
 + Level 6.4 Conjurations
 * Level 3.2 Summonings
 * Level 5.2 Translocations
 * Level 1.4 Ice Magic


You had 3 spell levels left.
You knew the following spells:

 Your Spells              Type           Power        Failure   Level
b - Summon Ice Beast      Ice/Summ       15%          36%         4
c - Call Imp              Summ           19%          4%          2
m - Magic Dart            Conj           100%         1%          1
s - Searing Ray           Conj           66%          1%          2
X - Iskenderun's Mystic   Conj/Tloc      30%          10%         4

Your spell library contained the following spells:

 Spells                   Type           Power        Failure   Level
 Summon Small Mammal      Summ           76%          2%          1
 Call Canine Familiar     Summ           19%          9%          3
 Dazzling Flash           Conj/Hex       38%          9%          3
 Summon Guardian Golem    Hex/Summ       12%          16%         3
 Fulminant Prism          Conj/Hex       9%           28%         4
 Summon Lightning Spire   Summ/Air       12%          47%         4

Inventory:

Hand Weapons
 a - a +0 trident (weapon)
   (You found it on level 4 of the Dungeon)
 b - a +0 hunting sling
   (You found it on level 1 of the Dungeon)
Missiles
 m - 23 bolts
 p - 39 sling bullets
 q - 80 arrows
 u - 2 boomerangs
 x - 27 poisoned darts (quivered)
 J - a throwing net {=f!f}
Armour
 r - a +0 kite shield
   (You found it on level 2 of the Dungeon)
 w - a +0 pair of gloves (worn)
   (You found it on level 5 of the Dungeon)
 y - a +0 robe of willpower (worn)
   (You found it on level 5 of the Dungeon)
Wands
 C - a wand of paralysis (6)
   (You took it off Ijyb on level 5 of the Dungeon)
Scrolls
 d - 5 scrolls of magic mapping {!r}
 e - 4 scrolls of amnesia
 f - 2 scrolls of enchant armour
 k - 3 scrolls of enchant weapon
 n - 2 scrolls of remove curse {@r2}
 o - a scroll of noise {!r}
 v - a scroll of fear
 A - 3 scrolls of fog
 B - 2 scrolls of blinking {!r}
 E - 3 scrolls of teleportation {@r4}
 K - a scroll of immolation {unknown}
Potions
 c - 4 potions of heal wounds {unknown}
 g - 4 potions of flight {unknown}
 h - a potion of resistance {unknown}
 i - 10 potions of curing {@q1}
 j - 3 potions of attraction {unknown}
 l - a potion of magic {unknown}
 s - a potion of degeneration {unknown}
 t - a potion of might {unknown}
 z - a potion of berserk rage {unknown}
 D - 3 potions of brilliance {unknown}
 F - a potion of experience {unknown}
 G - a potion of ambrosia {unknown}
 H - 2 potions of haste {unknown}
 I - 2 potions of lignification {unknown}

Dungeon Overview and Level Annotations

Branches:
Dungeon (7/15)             Temple (1/1) D:5         Ossuary (visited)
 Bailey (1/1)

Altars:
Ashenzari
Cheibriados
Dithmenos
Elyvilon
Fedhas
Gozag
Hepliaklqana
Kikubaaqudgha
Makhleb
Okawaru
Qazlal
Sif Muna
Vehumet
Xom
Yredelemnul
Zin
The Shining One

Shops:
D:6 (

Annotations:
D:5 2 transporters, JayTheAdventurer's ghost, amateur DrTm

### ##∩## #.(@#
#.5.# ≈....((.
$ oo≈.......≈o
≈o≈≈.......≈≈o≈
$
≈≈≈..#...#..≈≈≈
....##...##..o.
#### ##∩## ####


You could see 2 orc knights, 2 orc warriors and a friendly crimson imp
(summoned).


Message History

You see here a cursed -1 spear.
You hear the creaking of a portcullis nearby. 😎 HP[+1]
Your hp is fully restored (61).
Found a flagged portal.
You now have 478 gold pieces (gained 7).
You see here a +0 spear.
You enter the shallow water.
Moving in this stuff is going to be slow. 😎 MP[+1]
There is a flagged portal here.
You start resting.
Your crimson imp disappears in a puff of smoke!
Your crimson imp blinks! x2
You hear the creaking of a portcullis. 😎 MP[+8]
Your mp is fully restored (14).
The world spins around you as you enter the gateway.
You enter a bailey!
An orc, 4 orc warriors and an orc knight come into view.
The orc knight shouts!
Found two gates leading back out of this place.
There is an empty arch of ancient stone here.
There is a gate leading back out of this place here.
Casting: Magic Dart (safe; 1% risk of failure)
Confirm with . or Enter, or press ? or * to list all spells.
A beastly little devil appears in a puff of frigid air. 😎 MP[-2]
You lost 2 mp, and now have 12/14 mp.
Casting: Call Imp (safe; 4% risk of failure)
Confirm with . or Enter, or press ? or * to list all spells.
You miscast Call Imp.
You are very lightly contaminated with residual magic.
Nothing appears to happen.
The orc warrior shouts!
Your white imp gestures at the orc warrior.
The puff of frost hits the orc warrior!
The orc warrior shoots a bolt.
The bolt misses your white imp. 😎 MP[-2]
You lost 2 mp, and now have 10/14 mp.
Okay, then.
Casting: Call Imp (safe; 4% risk of failure)
Confirm with . or Enter, or press ? or * to list all spells.
The spell is quite dangerous to cast (36% risk of failure)!
Continue anyway?
You miscast Summon Ice Beast.
Nothing appears to happen. 😎 MP[-4]
You lost 4 mp, and now have 6/14 mp.
Casting: Summon Ice Beast (quite dangerous; 36% risk of failure)
Confirm with . or Enter, or press ? or * to list all spells.
You can't see any susceptible monsters within range! (Use Z to cast anyway.) Unknown command.
Casting: Summon Ice Beast (quite dangerous; 36% risk of failure)
Confirm with . or Enter, or press ? or * to list all spells.
A shadowy apparition takes form in the air.
The orc warrior shoots a bolt.
The bolt hits your white imp!!
Your white imp dies!
You hear a shout! 😎 MP[-2]
You lost 2 mp, and now have 4/14 mp.
Casting: Call Imp (safe; 4% risk of failure)
Confirm with . or Enter, or press ? or * to list all spells.
Aiming: Magic Dart (safe; 1% risk of failure)
Press: ? - help, Shift-Dir - straight line, f - orc warrior
Aim: an orc warrior, wielding a +0 arbalest, wearing a +0 chain mail and quivering 17 bolts (heavily wounded, unaware, hasn't noticed you, 0% to evade)
The magic dart hits the orc warrior but does no damage.
The orc warrior shouts!
You hear a shout!
The orc warrior shoots a bolt.
The bolt hits you!!
You focus on the pain.
You feel your power returning. 😮 HP[-27] MP[+10]
You take 27 damage, and now have 34/61 hp.
MASSIVE DAMAGE!! (PAUSE)
Your mp is fully restored (14).
Casting: Magic Dart (safe; 1% risk of failure)
Confirm with . or Enter, or press ? or * to list all spells.
Aiming: Magic Dart (safe; 1% risk of failure)
Press: ? - help, Shift-Dir - straight line, f/p - orc warrior
Aim: an orc warrior, wielding a +0 arbalest, wearing a +0 chain mail and quivering 16 bolts (heavily wounded, 0% to evade)
The magic dart hits the orc warrior.
You hear a thunk.
A bolt appears from out of your range of vision.
The bolt hits your shadow imp!
Your shadow imp dies!
You hear a shout! 😮 MP[-1]
You lost 1 mp, and now have 13/14 mp.
Casting: Magic Dart (safe; 1% risk of failure)
Confirm with . or Enter, or press ? or * to list all spells.
A beastly little devil appears in a puff of flame.
The orc warrior shoots a bolt.
The bolt hits you!!
* * * LOW HITPOINT WARNING * * *
😱 HP[-24] MP[-1]
You take 24 damage, and now have 10/61 hp.
MASSIVE DAMAGE!! (PAUSE)
You lost 1 mp, and now have 12/14 mp.
An orc knight comes into view. It is wielding a +0 trident.
The orc warrior shouts!
The orc warrior shoots a bolt.
The bolt hits you!
You die...
Your body crumbles into a pile of gold.

Skill      XL: |  1  2  3  4  5  6  7  8 |
---------------+-------------------------+-----
Fighting       | 1 2 3 4 |  4.3
Conjurations   | 5 6 |  6.4
Translocations | 1 2 3 4 5 |  5.2
Spellcasting   | 3 4 |  4.6
Summonings     | 1 3 |  3.2
Ice Magic      | 1 |  1.4
Dodging        | |  1.7
Stealth        | |  1.7

Action                   |  1- 3 |  4- 6 |  7- 9 || total
-------------------------+-------+-------+-------++-------
Melee: Club              |     3 |       |       ||     3
       Spear             |     3 |    11 |       ||    14
       Kick              |       |     2 |     6 ||     8
       Trident           |       |       |    28 ||    28
Throw: Dart              |       |       |     4 ||     4
 Cast: Magic Dart        |    76 |   130 |    80 ||   286
       Searing Ray       |       |    19 |    30 ||    49
       Iskenderun's Myst |       |       |     1 ||     1
       Call Imp          |       |       |    16 ||    16
Evoke: Wand              |       |       |     4 ||     4
  Use: Scroll            |     4 |     3 |     8 ||    15
 Stab: Sleeping          |     1 |       |     1 ||     2
Armor: Robe              |     7 |     7 |    13 ||    27
Dodge: Dodged            |    11 |    22 |    78 ||   111

Levels and vault maps discovered:
D:1:      scummos_arrival_forest, layout_loops_ring
D:2:      layout_basic, wad_floor_pattern_untrapped, minmay_misc_feat_room
D:3:      layout_basic
D:4:      layout_cave_pods, kiku_gazebo_pond_becter, grunt_qazlal_clouds
D:5:      layout_cave_pools, minmay_temple_entry_junction_2,
          nicolae_ossuary_entry_ruins, gammafunk_ghost_hive,
          lemuel_flamethrower_2, uniq_ijyb
D:6:      layout_loops_ring, ashenzari_altar_1, serial_shops, shop
D:7:      layout_cave_pools, minitemple, pdpol_wu_jian_five_deadly_venoms,
          lightli_bailey_entry_fortress, minmay_checkerbox
Temple:   regret_index_temple_waves
Bailey:   bailey_polearm_4, bailey

Notes
Turn   | Place    | Note
-------+----------+-------------------------------------------
     0 | D:1      | phalm the Demonspawn Conjurer began the quest for the Orb.
     0 | D:1      | Reached XP level 1. HP: 13/13 MP: 3/3
     0 | D:1      | magus.rc [v1.9.10]
   349 | D:1      | Gained mutation: You regenerate a little health from kills.
                  | [demonic ancestry]
   349 | D:1      | Reached XP level 2. HP: 20/20 MP: 3/5
   819 | D:1      | Reached skill level 1 in Fighting
  1166 | D:2      | Gained mutation: You have large cloven feet. [demonic
                  | ancestry]
  1166 | D:2      | Reached XP level 3. HP: 26/26 MP: 4/6
  1813 | D:2      | Reached XP level 4. HP: 26/32 MP: 0/7
  1817 | D:2      | Learned a level 2 spell: Searing Ray
  1822 | D:2      | Learned a level 4 spell: Iskenderun's Mystic Blast
  2007 | D:2      | Reached skill level 5 in Conjurations
  2100 | D:2      | Reached skill level 2 in Fighting
  2100 | D:2      | Reached skill level 1 in Translocations
  2487 | D:2      | Gained mutation: You have hoof-like feet. [demonic
                  | ancestry]
  2487 | D:2      | Reached XP level 5. HP: 38/38 MP: 2/9
  3077 | D:3      | Reached skill level 3 in Spellcasting
  3382 | D:3      | Reached skill level 2 in Translocations
  3795 | D:3      | You pick up a book of Conjurations and begin reading...
  4312 | D:4      | Reached XP level 6. HP: 22/46 MP: 0/10
  4324 | D:4      | HP: 11/46 [poisoned by a worker ant]
  4330 | D:4      | HP: 9/46 [poisoned by a worker ant]
  4336 | D:4      | HP: 8/46 [poisoned by a worker ant]
  4344 | D:4      | HP: 7/46 [poisoned by a worker ant]
  5113 | D:4      | Found an ancient bone altar of Kikubaaqudgha.
  5253 | D:4      | Reached skill level 3 in Translocations
  5311 | D:4      | Reached skill level 3 in Fighting
  5448 | D:4      | Found a stormy altar of Qazlal.
  5747 | D:5      | Entered Level 5 of the Dungeon
  5747 | D:5      | Found a sand-covered staircase.
  5747 | D:5      | Noticed Ijyb
  5751 | D:5      | Paralysed by Ijyb for 6 turns
  5758 | D:5      | Killed Ijyb
  5766 | D:5      | Found a transporter.
  5768 | D:5      | Found a transporter.
  5769 | D:5      | You pick up a book of Callings and begin reading...
  5769 | D:5      | You add the spells Summon Small Mammal, Call Imp, Call
                  | Canine Familiar, Summon Guardian Golem, Summon Lightning
                  | Spire and Summon Ice Beast to your library.
  5771 | D:5      | Noticed JayTheAdventurer's ghost (amateur DrTm)
  5779 | Ossuary  | Entered an ossuary
  5779 | Ossuary  | Noticed a wraith
  5779 | Ossuary  | Noticed a wraith
  5779 | Ossuary  | Noticed a wraith
  6094 | Ossuary  | Gained mutation: You sometimes gain a little power by
                  | taking damage. [demonic ancestry]
  6094 | Ossuary  | Reached XP level 7. HP: 52/52 MP: 10/12
  6346 | Ossuary  | Noticed a wraith
  6358 | Ossuary  | HP: 11/52 [wraith (5)]
  6362 | Ossuary  | Killed a wraith
  6777 | D:5      | Reached skill level 4 in Translocations
  6865 | D:5      | Reached skill level 4 in Spellcasting
  6951 | D:5      | Learned a level 2 spell: Call Imp
  7025 | D:5      | Reached skill level 6 in Conjurations
  7359 | D:5      | Reached skill level 1 in Summonings
  7393 | D:5      | Found a staircase to the Ecumenical Temple.
  7402 | Temple   | Entered the Ecumenical Temple
  7518 | Temple   | Became a worshipper of Gozag Ym Sagoz the Greedy
  7558 | D:5      | magus.rc [v1.9.10]
  7708 | D:5      | You pick up a book of Callings and begin reading...
  8143 | D:5      | Reached XP level 8. HP: 53/60 MP: 5/14
  8449 | D:6      | Found Seyxt's Antique Weapon Shop.
  8481 | D:6      | Found a broken altar of Ashenzari.
  8510 | D:6      | Reached skill level 2 in Summonings
  8649 | D:6      | Reached skill level 4 in Fighting
  9219 | D:6      | Learned a level 4 spell: Summon Ice Beast
  9564 | D:7      | Reached skill level 5 in Translocations
  9603 | D:7      | Reached skill level 3 in Summonings
  9603 | D:7      | Reached skill level 1 in Ice Magic
  9708 | D:7      | Found a flagged portal.
  9771 | Bailey   | Entered a bailey
  9771 | Bailey   | Noticed an orc knight
  9779 | Bailey   | HP: 10/61 [orc warrior/bolt (24)]
  9780 | Bailey   | Noticed an orc knight
  9780 | Bailey   | Shot with a bolt by an orc warrior

Vanquished Creatures
  A wraith (Ossuary)
  A phantom (D:7)
  An ice beast (D:7)
  A black bear (D:5)
  A bullfrog (D:6)
  4 scorpions
  A centaur zombie (D:6)
  A centaur skeleton (D:5)
  3 hounds
  2 bullfrog skeletons
  2 orc priests
  2 orc wizards
  Ijyb (D:5)
  3 worker ants (D:4)
  2 hound zombies
  2 hound skeletons
  3 mummies (Ossuary)
  18 adders
  4 gnolls
  2 ufetubi
  2 oozes
  An adder skeleton (D:4)
  An adder zombie (D:5)
  A worm (D:3)
  6 dart slugs
  3 leopard geckos
  11 orcs
  2 ball pythons
  6 giant cockroaches
  A gnoll zombie (Ossuary)
  12 goblins
  6 hobgoblins
  2 jackals (D:6)
  3 quokkas
  8 bats
  5 frilled lizards
  4 goblin zombies (Ossuary)
  A hobgoblin zombie (Ossuary)
  3 kobolds
  4 kobold zombies (Ossuary)
  9 rats
146 creatures vanquished.

Vanquished Creatures (collateral kills)
  An orc warrior (D:5)
  A hound (D:7)
  A gnoll (D:7)
  4 orcs
  2 kobolds (D:7)
9 creatures vanquished.

Vanquished Creatures (others)
  An orc priest (D:5)
  2 orc wizards (D:5)
  A dart slug (D:4)
  2 orcs (D:5)
6 creatures vanquished.

Grand Total: 161 creatures vanquished

Table legend:
 A = Non-vault XP
 B = Vault XP
 C = Vault XP percentage of total XP
 D = Non-vault monster count
 E = Vault monster count
 F = Vault count percentage of total count
                 A         B        C        D         E       F
            +---------+---------+-------+---------+---------+-------
      Total |    1961 |     335 |  14.6 |     134 |      21 |  13.5
            +---------+---------+-------+---------+---------+-------
        D:1 |      40 |       0 |   0.0 |      22 |       0 |   0.0
        D:2 |     167 |       0 |   0.0 |      31 |       0 |   0.0
        D:3 |     152 |       0 |   0.0 |      17 |       0 |   0.0
        D:4 |     328 |       0 |   0.0 |      15 |       0 |   0.0
        D:5 |     537 |      36 |   6.3 |      21 |       1 |   4.5
        D:6 |     432 |       0 |   0.0 |      21 |       0 |   0.0
        D:7 |     305 |      31 |   9.2 |       7 |       6 |  46.2
    Ossuary |       0 |     268 | 100.0 |       0 |      14 | 100.0
            +---------+---------+-------+---------+---------+-------

Illustrated notes

Table legend:
 A = Kills in this place as a percentage of kills in entire the game.
 B = Kills by you in this place as a percentage of kills by you in the entire game.
 C = Kills by friends in this place as a percentage of kills by friends in the entire game.
 D = Other kills in this place as a percentage of other kills in the entire game.
 E = Experience gained in this place as a percentage of experience gained in the entire game.
 F = Experience gained in this place divided by the number of levels of this place that you have seen.
                   A       B       C       D       E      F
               +-------+-------+-------+-------+-------+----------------------
         Total | 100.0 | 100.0 | 100.0 |   N/A | 100.0 | 229.6
       Dungeon |  91.0 |  90.4 | 100.0 |   N/A |  88.3 | 289.7
       Ossuary |   9.0 |   9.6 |   0.0 |   N/A |  11.7 | 268.0
               +-------+-------+-------+-------+-------+----------------------

Table legend: (Time is in decaauts)
 A = Elapsed time spent in this place.
 B = Non-inter-level travel time spent in this place.
 C = Inter-level travel time spent in this place.
 D = Time resting spent in this place.
 E = Time spent auto-exploring this place.
 F = Levels seen in this place.
 G = Mean time per level.
                   A        B        C        D        E       F      G
               +--------+--------+--------+--------+--------+-----+--------+
         Total |   9813 |   9494 |    319 |    118 |   8248 |  10 |  981.3 |
       Dungeon |   8639 |   8399 |    240 |    118 |   7261 |   7 | 1234.1 |
        Temple |    154 |     76 |     78 |      0 |     75 |   1 |  154.0 |
       Ossuary |   1010 |   1010 |      0 |      0 |    912 |   1 | 1010.0 |
        Bailey |      8 |      8 |      0 |      0 |      0 |   1 |    8.0 |
               +--------+--------+--------+--------+--------+-----+--------+

Top non-repeatable levels by time:
     D:2: 2021 daAuts
     D:4: 1629 daAuts
     D:5: 1443 daAuts
     D:6: 1174 daAuts
     D:1: 1162 daAuts
 Ossuary: 1010 daAuts
     D:3: 992 daAuts
     D:7: 215 daAuts
  Temple: 154 daAuts
  Bailey: 8 daAuts
